 Dungeon Crawl Stone Soup version 0.30.0-15-g856e2d3f33 (webtiles) character file.

Game seed: 11336615387757958469

159 Twinkles the Shield-Bearer (level 6, -2/45 (47) HPs)
             Began as a Meteoran Fighter on May 19, 2023.
             Was a Believer of Hepliaklqana.
             Slain by a wight
             ... wielding a +4 spear
              (3 damage)
             ... in a sewer.
             The game lasted 00:11:26 (1013 turns).

Twinkles the Shield-Bearer (Meteoran Fighter)       Turns: 1013, Time: 00:11:27

HP:   -2/45 (47)    AC:  7    Str: 20    XL:     6   Next: 0%
MP:   7/7           EV:  9    Int: 10    God:    Hepliaklqana [**....]
Gold: 82            SH:  5    Dex: 13    Spells: 5/5 levels left

rFire   . . .        a - +0 war axe
rCold   . . .        c - +0 buckler
rNeg    . . .        b - +0 scale mail
rPois   .            (no helmet)
rElec   .            (no cloak)
rCorr   .            (no gloves)
SInv    .            (no boots)
Will    .....        (no amulet) Stlth
                     (no ring)
HPRegen 0.27/turn    (no ring)
MPRegen 0.10/turn

%: no passive effects
@: mighty, glowing, lightly drained
A: reduced essence, sense surroundings 1, otherworldly, glowing, explore regen
a: Renounce Religion, Recall Ancestor, Ancestor Identity


You were in a sewer.
You worshipped Hepliaklqana.
Hepliaklqana was pleased with you.
You visited 1 branch of the dungeon, and saw 5 of its levels.
You also visited: Sewer.

You collected 82 gold pieces.

Inventory:

Hand Weapons
 a - a +0 war axe (weapon)
Armour
 b - a +0 scale mail (worn)
 c - a +0 buckler (worn)
Scrolls
 d - a scroll of amnesia {unknown}
 g - a scroll of noise {unknown}
 j - a scroll of fog {unknown}
Potions
 e - a potion of berserk rage {unknown}
 f - a potion of flight {unknown}
 h - a potion of curing {unknown}
 i - 2 potions of lignification {unknown}
 M - a potion of might


   Skills:
 + Level 4.3 Fighting
 + Level 3.8 Axes
 + Level 4.7 Armour
 + Level 4.8 Shields


You had 5 spell levels left.
You didn't know any spells.
Your spell library was empty.

Dungeon Overview and Level Annotations

Branches:
Dungeon (5/15) Zot: 2035    Sewer (1/1) Zot: 508
 Temple: D:4-7

Altars:
Hepliaklqana

Shops:
D:1 *?:

Annotations:
D:4 2 exclusions


Innate Abilities, Weirdness & Mutations

Your life essence is reduced to manifest your ancestor. (-10% HP)
You passively map a small area around you.
You are easily found by Zot.
You glow in the dark.
You regain HP and MP as you explore.


Message History

You swap places.
You feel sick.
A giant cockroach comes into view.
You feel sick.
Khalidah gestures at the shadow imp while chanting.
The shadow imp appears confused.
A kobold zombie comes into view.
The shadow imp barely misses you.
The giant cockroach moves out of view.
You see here a +0 dagger.
You feel sick.
The wight hits you from afar with a +4 spear.
The kobold hits you with a +0 short sword.
The endoplasm hits you but does no damage.
Khalidah points at the shadow imp and mumbles some strange words.
The shadow imp appears confused.
You slash the endoplasm!
You kill the endoplasm!
You hit the shadow imp but do no damage.
You hit the kobold.
You kill the kobold!
You feel sick.
The kobold throws a stone.
The stone hits you but does no damage.
The wight hits you from afar with a +4 spear.
* * * LOW HITPOINT WARNING * * *
You feel drained.
* * * LOW HITPOINT WARNING * * *
An endoplasm comes into view.
The shadow imp barely misses Khalidah.
The wight closely misses you.
You have reached level 6!
You feel stronger.
Khalidah remembers more of her old skill.
You feel very mighty all of a sudden.
You feel sick.
You are no longer poisoned.
The endoplasm quivers.
Khalidah hits the shadow imp with a +0 dagger of draining.
The kobold closely misses you. You block the kobold's attack.
The wight hits you from afar with a +4 spear!
* * * LOW HITPOINT WARNING * * *
You feel drained.
You die...

* #≈≈≈≈≈~≈...#≈≈≈≈ ~
#≈≈≈≈≈.#...#~≈≈≈
#~≈~≈....≈...~≈~ *
#.~~...#≈≈≈#..~≈ , ~~
#......#≈≈≈#....
~#'#######≈## ####'
≈#..))..#R5.#.....
#≈≈~~≈≈~~~..)...≈~.~.
#~≈≈#≈≈≈≈≈≈#)@K#≈≈≈≈
#############K#### #
* *


*BKz# ** *,..⌠... ~ .....Z.+ * , +.⌠._J⌠.+ , , +.......+ *~ #..⌠.⌠..# * * You
could see the friendly Khalidah the hexer, a wight, a shadow imp (confused, ally
target), a kobold zombie, an endoplasm, a giant cockroach and 3 kobolds.

Vanquished Creatures
  Terence (D:3)
  4 adders (D:4)
  2 dart slugs
  6 bats
  3 endoplasms
  5 giant cockroaches
  3 goblins
  A hobgoblin (D:2)
  3 jackals (D:2)
  7 kobolds
  A quokka (D:2)
  3 ball pythons
  A frilled lizard (D:2)
  A giant cockroach zombie (Sewer)
  2 rats (D:2)
43 creatures vanquished.

Vanquished Creatures (collateral kills)
  An iguana (D:4)
  A shadow imp (Sewer)
  An ufetubus (D:4)
  An orc (D:4)
  A bat (D:2)
  An endoplasm (D:3)
  A goblin (D:4)
  A hobgoblin (D:2)
  A ball python (D:3)
  2 kobolds (Sewer)
  A rat (D:2)
12 creatures vanquished.

Grand Total: 55 creatures vanquished

Notes
Turn   | Place    | Note
-------+----------+-------------------------------------------
     0 | D:1      | Twinkles the Meteoran Fighter began the quest for the Orb.
     0 | D:1      | Reached XP level 1. HP: 19/19 MP: 2/2
    25 | D:1      | Found Hiadoma's Magic Scroll Shop.
    43 | D:1      | Found Geabbato's Assorted Antiques.
    48 | D:1      | Found Caikhleg's Book Shoppe.
    92 | D:2      | Reached XP level 2. HP: 24/26 MP: 3/3
   234 | D:1      | Found a faded altar of an unknown god.
   240 | D:1      | Prayed at the altar of an unknown god.
   240 | D:1      | Became a worshipper of Hepliaklqana the Forgotten
   240 | D:1      | Reached * piety under Hepliaklqana
   418 | D:2      | Reached XP level 3. HP: 26/27 MP: 4/4
   594 | D:3      | You fall into a shaft and drop 2 floors!
   594 | D:5      | Entered Level 5 of the Dungeon
   712 | D:3      | Noticed Terence
   716 | D:3      | Reached XP level 4. HP: 26/36 MP: 5/5
   721 | D:3      | Killed Terence
   798 | D:4      | Reached ** piety under Hepliaklqana
   800 | D:4      | Remembered your ancestor Khalidah as a hexer
   821 | D:4      | HP: 9/36 [iguana (5)]
   825 | D:4      | HP: 3/36 [goblin/+0 club (4)]
   827 | D:4      | Reached XP level 5. HP: 3/41 MP: 6/6
   830 | D:4      | HP: 4/41 [ufetubus (2)]
   836 | D:4      | HP: 4/41 [ufetubus (2)]
   897 | D:4      | Found a glowing drain.
   926 | Sewer    | Entered a sewer
  1004 | Sewer    | Found an ancient bone altar of Kikubaaqudgha.
  1012 | Sewer    | HP: 14/41 [poisoned by a kobold]
  1013 | Sewer    | Reached XP level 6. HP: 10/46 MP: 7/7
  1013 | Sewer    | HP: 1/46 [wight/+4 spear (8)]
  1013 | Sewer    | Slain by a wight

Illustrated notes

Levels and vault maps discovered:
D:1:      minmay_arrival_diagonal_passages, layout_basic, serial_shops, shop,
          nicolae_shop_statue_plus, nicolae_shop_trees,
          ebering_ecumenical_altar_sacrificial, minivault_24,
          minmay_misc_feat_square, dreamdust_mushroom_princess
D:2:      layout_loops_corners, kennysheep_generic_room_12
D:3:      corexii_shack_village, layout_basic, minmay_hedge_maze,
          kennysheep_donut, chequers_serial_rivers_large_a, uniq_terence,
          uniq_grinder
D:4:      layout_layer_cave, okawaru_altar_gauntlet_db, gup_sewer_entry_glass,
          dreamdust_princess_corridor, nicolae_kite_square_tiling_tiny,
          chequers_serial_rivers_micro_b
D:5:      layout_cave_pods, kennysheep_little_box, minmay_temple_entry_wispy,
          minmay_checkerbox, uniq_duvessa
Sewer:    kennysheep_sewer_church

Skill      XL: |  1  2  3  4 |
---------------+-------------+-----
Armour         | 4 |  4.7
Shields        | 4 |  4.8
Axes           | 3 |  3.8
Fighting       | 4 |  4.3

Action                     |  1- 3 |  4- 6 || total
---------------------------+-------+-------++-------
  Melee: War axe           |    63 |    49 ||   112
 Invoke: Recall Ancestor   |     1 |     1 ||     2
         Ancestor Life: He |       |     1 ||     1
    Use: Potion            |       |     1 ||     1
 Armour: Scale mail        |    46 |    47 ||    93
  Dodge: Dodged            |    26 |    47 ||    73
  Block: Buckler           |    20 |    24 ||    44
